 Dungeon Crawl Stone Soup version 0.26.1-11-gd32895ea62 (webtiles) character file.

Game seed: 10221373303624417419

76235 Ijustatesigmund the Peltast (level 15, -7/109 HPs)
             Began as an Octopode Fighter on June 30, 2021.
             Was the Champion of Cheibriados.
             Mangled by a naga warrior
             ... wielding a +0 dire flail
              (9 damage)
             ... on level 1 of the Snake Pit.
             The game lasted 00:58:00 (26984 turns).

Ijustatesigmund the Peltast (Octopode Fighter)     Turns: 26984, Time: 00:58:00

Health: -7/109     AC:  2    Str: 44    XL:     15   Next: 52%
Magic:  22/25      EV: 30    Int: 36    God:    Cheibriados [******]
Gold:   1645       SH:  5    Dex: 36    Spells: 14/14 levels left

rFire    . . .     SeeInvis +   W - +8 frozen axe "Frostbite" {freezing cloud, *Noise +Fly rC+}
rCold    + + .     Faith    .   (shield currently unavailable)
rNeg     . . .     Spirit   .   (helmet restricted)
rPois    .         Reflect  +   d - amulet of reflection
rElec    .         Harm     .   O - +6 ring of intelligence
rCorr    +         Rampage  .   B - +6 ring of strength
Will     ++...                  x - ring of willpower
Stlth    +++++.....             G - +6 ring of dexterity
HPRegen  0.28/turn              F - ring of see invisible
MPRegen  0.19/turn              y - +6 ring of strength
                                E - ring of resist corrosion
                                S - ring of the Octopus King {rC+ AC+1 EV+1 Str+1 Int+1 Dex+1}

@: lethally poisoned (-7 -> -9), constricted, studying Shields, very slow
A: almost no armour, stealthy swim, amphibious, 8 rings, constrict 8, camouflage
1, gelatinous body 1
a: Renounce Religion, Evoke Flight, Bend Time, Temporal Distortion, Slouch, Step
From Time


You were on level 1 of the Snake Pit.
You worshipped Cheibriados.
Cheibriados was exalted by your worship.
You visited 4 branches of the dungeon, and saw 21 of its levels.
You also visited: Ossuary, Bailey and Ice Cave.

You collected 1853 gold pieces.
You spent 208 gold pieces at shops.

Inventory:

Hand Weapons
 a - a +6 broad axe
 v - a +5 morningstar
 M - the +11 hand axe of Impermanence {vorpal, rN+ Str+4 Int+4 Dex+4}
   (You bought it in a shop on level 1 of the Snake Pit)

   It inflicts extra damage upon your enemies.
   It affects your strength (+4).
   It affects your intelligence (+4).
   It affects your dexterity (+4).
   It protects you from negative energy.
 W - the +8 frozen axe "Frostbite" (weapon) {freezing cloud, *Noise +Fly rC+}
   (You found it in an ice cave)

   It has been specially enchanted to freeze those struck by it, causing extra
   injury to most foes and up to half again as much damage against particularly
   susceptible opponents.
   It can also slow down cold-blooded creatures.
   It protects you from cold.
   It lets you fly.
   It may make noises in combat.
Missiles
 i - 87 poisoned darts (quivered)
Armour
 b - a +4 kite shield
Jewellery
 d - an amulet of reflection (around mantle)
 k - an uncursed amulet of the acrobat
 t - an uncursed ring of positive energy
 x - a ring of willpower (on tentacle)
 y - a +6 ring of strength (on tentacle)
 B - a +6 ring of strength (right tentacle)
 E - a ring of resist corrosion (on tentacle)
 F - a ring of see invisible (on tentacle)
 G - a +6 ring of dexterity (on tentacle)
 I - an uncursed ring of fire
 O - a +6 ring of intelligence (left tentacle)
 S - a ring of the Octopus King (on tentacle) {rC+ AC+1 EV+1 Str+1 Int+1 Dex+1}
   (You found it on level 2 of the Lair of Beasts)

   [ring of protection from cold]

   It affects your AC (+1).
   It affects your evasion (+1).
   It affects your strength (+1).
   It affects your intelligence (+1).
   It affects your dexterity (+1).
   It protects you from cold.
 T - an uncursed ring of magical power
 V - an uncursed ring of ice
 Z - an uncursed ring of protection from cold
Wands
 m - a wand of digging (6)
 r - a wand of iceblast (2)
 A - a wand of flame (17)
 H - a wand of polymorph (4)
 J - a wand of acid (15)
 U - a wand of disintegration (6)
Scrolls
 f - 11 scrolls of remove curse
 g - 10 scrolls of teleportation
 p - a scroll of amnesia
 u - 5 scrolls of identify
 w - 2 scrolls of magic mapping
 K - 2 scrolls of fog
 R - a scroll of immolation
Potions
 c - a potion of might
 e - 7 potions of brilliance
 h - 3 potions of magic
 j - 8 potions of curing
 l - 6 potions of flight
 n - 5 potions of lignification
 o - 2 potions of ambrosia
 q - 3 potions of heal wounds
 s - 3 potions of resistance
 z - 2 potions of cancellation
 C - 6 potions of haste
 D - a potion of invisibility
 N - a potion of attraction
 P - 3 potions of mutation
Books
 L - a manual of Shields


   Skills:
 + Level 12.5 Fighting
 + Level 12.4 Axes
 - Level 14.0 Dodging
 - Level 5.2 Stealth
 - Level 15.3 Shields
 + Level 13.6 Invocations
 - Level 4.6 Evocations


You had 14 spell levels left.
You didn't know any spells.
Your spell library contained the following spells:

 Spells                   Type           Power        Failure   Level
 Corona                   Hex            0%           6%          1
 Ensorcelled Hibernation  Hex/Ice        0%           10%         2
 Confusing Touch          Hex            0%           19%         3
 Dazzling Flash           Conj/Hex       0%           19%         3
 Gell's Gravitas          Tloc           0%           19%         3
 Portal Projectile        Hex/Tloc       0%           19%         3
 Tukima's Dance           Hex            0%           19%         3
 Dispersal                Tloc           0%           100%        6
 Disjunction              Tloc           0%           100%        8


Dungeon Overview and Level Annotations

Branches:
Dungeon (13/15)            Temple (1/1) D:4            Lair (6/6) D:8
 Shoals (0/4) Lair:2        Snake (1/4) Lair:2        Slime (0/5) Lair:5
    Orc (0/2) D:9         Ossuary (visited)          Bailey (visited)
  IceCv (visited)
 Vaults: D:13-14

Altars:
Ashenzari
Cheibriados
Dithmenos
Elyvilon
Fedhas
Gozag
Hepliaklqana
Kikubaaqudgha
Makhleb
Nemelex Xobeh
Okawaru
Qazlal
Ru
Sif Muna
Trog
Uskayaw
Vehumet
Wu Jian
Xom
Yredelemnul
Zin
The Shining One
Jiyva

Shops:
D:8 (   D:13 !   Snake:1 ([

Annotations:
D:7 exclusion: oklob plant
D:11 2 transporters
Lair:4 1 runed translucent door, runemage's ghost, journeyman GnFi


Innate Abilities, Weirdness & Mutations

You cannot wear most types of armour.
You are very stealthy in the water. (Stealth+)
You are amphibious.
You can wear up to eight rings at the same time.
You can use your tentacles to constrict eight enemies at once.
Your skin changes colour to match your surroundings (Stealth+).
Your rubbery body absorbs attacks. (AC +1, EV +1)


Message History

Cheibriados rebukes the naga.
The naga seems to slow down.
Cheibriados rebukes the naga mage.
The naga mage seems to slow down.
Cheibriados rebukes the naga warrior.
The naga warrior seems to slow down.
You feel sick. The naga mage spits poison at you.
The splash of poison misses you. The salamander closely misses you.
You slice the naga mage like a ripe choko!!!
You freeze the naga mage!
You kill the naga mage!
Cheibriados appreciates the change of pace.
You slash the naga warrior! You freeze the naga warrior.
You chop the naga into pieces!!! You freeze the naga.
You kill the naga!
Cheibriados appreciates the change of pace.
You feel sick.
The naga warrior hits you with a +0 dire flail!!
* * * LOW HITPOINT WARNING * * *
You die...

##...............
#................ .
#.....)...######.
..######..........##.##.
.............>........##
......................##
................######..
#.....).......### ###
.....N)@......# #.
.....NN.........# ....
.................. ...#
.................. ..##
....###........... . #
.... ............ ###
... ...........# #.. ##
########### ###


You could see a naga warrior (slow), a salamander and a naga mage.

Vanquished Creatures
  A frost giant (IceCv)
  A death ooze (Lair:2)
  Erolcha (D:9)
  A naga warrior (Snake:1)
  A boulder beetle (Lair:2)
  A centaur warrior (D:9)
  An anaconda (Snake:1)
  A catoblepas (Lair:2)
  9 hydras
  Erica (D:10)
  A two-headed ogre (D:10)
  The ghost of H0rd4k the Martial Artist, a journeyman OpTm of Gozag (Lair:2)
  8 death yaks
  Urug (Lair:1)
  An orc knight (Bailey)
  The ghost of kalagan the Thaumaturge, a novice DECj (D:7)
  An ugly thing (D:11)
  2 oklob plants (Lair:5)
  A deep elf mage (D:12)
  3 cyclopes (D:11)
  4 black mambas
  An ice statue (IceCv)
  Joseph (D:8)
  11 elephants (Lair:4)
  2 merfolk sirens (Lair:2)
  2 torpor snails
  3 naga magi (Snake:1)
  A gargoyle (D:10)
  11 cane toads
  3 rime drakes (Lair:5)
  8 komodo dragons
  The ghost of Kukuleta the Changer, a novice OpTm (D:5)
  2 merfolk (Lair:2)
  4 trolls
  19 polar bears
  3 hornets (Lair:6)
  15 blink frogs
  4 slime creatures (Lair:2)
  9 dream sheep
  Sigmund (D:4)
  13 spriggans (Lair:6)
  8 wyverns
  Grum (D:9)
  48 yaks
  2 basilisks (Lair:5)
  Eustachio (D:4)
  A steam dragon (D:12)
  3 vampire mosquitoes (D:12)
  5 nagas
  11 water moccasins
  8 ice beasts
  16 orc warriors
  6 sky beasts
  6 black bears
  An eye of draining (D:11)
  2 hornet zombies
  A phantom (D:10)
  4 boggarts (Lair:6)
  42 wolves
  4 necrophages
  9 ogres
  2 centaurs
  3 big kobolds
  23 bullfrogs
  A wyvern skeleton (D:8)
  A scorpion (D:9)
  19 killer bees
  19 wights
  12 howler monkeys
  An electric eel (Lair:6)
  5 quasits
  2 centaur zombies
  3 centaur skeletons
  8 orc priests
  5 hounds
  4 bullfrog zombies
  A wyvern simulacrum (D:7)
  2 bullfrog skeletons (D:10)
  A gnoll shaman (D:9)
  6 jellies
  11 orc wizards
  Crazy Yiuf (D:4)
  7 iguanas
  6 worker ants
  2 centaur simulacra (D:7)
  3 hound zombies (Ossuary)
  14 mummies (Ossuary)
  2 howler monkey zombies (Ossuary)
  A worker ant zombie (Ossuary)
  8 gnolls
  12 adders
  A shadow imp (D:10)
  16 white imps
  4 ufetubi
  An ooze (D:3)
  5 adder zombies (Ossuary)
  A worm (D:2)
  4 dart slugs
  6 leopard geckos
  68 orcs
  5 giant cockroaches
  4 goblins (D:1)
  9 hobgoblins
  27 jackals
  33 kobolds
  6 quokkas
  3 ball pythons
  8 bats
  6 frilled lizards
  3 giant cockroach zombies (Ossuary)
  A jackal skeleton (D:5)
  3 jackal zombies (Ossuary)
  A leopard gecko zombie (D:7)
  2 quokka zombies
  8 rats
  A butterfly (Lair:6)
746 creatures vanquished.

Vanquished Creatures (others)
  2 polar bears (IceCv)
  5 dream sheep (Lair:1)
  4 yaks (IceCv)
  A centaur skeleton (D:6)
  A kobold (D:6)
  54 fungi
  134 plants
  2 withered plants (Ossuary)
203 creatures vanquished.

Grand Total: 949 creatures vanquished

Notes
Turn   | Place    | Note
-------+----------+-------------------------------------------
     0 | D:1      | Ijustatesigmund the Octopode Fighter began the quest for
                  | the Orb.
     0 | D:1      | Reached XP level 1. HP: 16/16 MP: 1/1
   134 | D:1      | Reached XP level 2. HP: 19/21 MP: 2/2
   718 | D:1      | Reached XP level 3. HP: 26/26 MP: 3/3
  1633 | D:2      | Reached XP level 4. HP: 28/31 MP: 4/4
  2312 | D:3      | You fall into a shaft and drop 3 floors!
  2313 | D:6      | Found a stormy altar of Qazlal.
  2370 | D:6      | Reached skill level 1 in Stealth
  2384 | D:6      | Reached XP level 5. HP: 18/37 MP: 5/5
  2803 | D:6      | Reached skill level 4 in Shields
  2805 | D:5      | Entered Level 5 of the Dungeon
  2856 | D:5      | Found a transporter.
  2860 | D:5      | Noticed Kukuleta's ghost (novice OpTm)
  2962 | D:5      | Reached XP level 6. HP: 38/43 MP: 6/6
  3146 | D:5      | Found a sand-covered staircase.
  3154 | Ossuary  | Entered an ossuary
  3329 | Ossuary  | Reached XP level 7. HP: 31/49 MP: 7/7
  3604 | Ossuary  | Reached skill level 5 in Fighting
  3604 | Ossuary  | Reached skill level 5 in Shields
  3813 | Ossuary  | Reached skill level 5 in Stealth
  3986 | D:5      | Found a transporter.
  4111 | D:4      | Found a staircase to the Ecumenical Temple.
  4140 | Temple   | Entered the Ecumenical Temple
  4521 | D:3      | Reached XP level 8. HP: 55/55 MP: 8/8
  4982 | D:4      | Reached skill level 5 in Axes
  5095 | D:4      | Found an opulent altar of Gozag.
  5182 | D:4      | Reached skill level 1 in Evocations
  5343 | D:4      | Noticed Sigmund
  5352 | D:4      | Killed Sigmund
  5354 | D:4      | Found a hazy altar of Hepliaklqana.
  5429 | D:4      | Noticed Eustachio
  5437 | D:4      | Killed Eustachio
  5579 | D:4      | Found an iron altar of Okawaru.
  5587 | D:4      | Found a shimmering altar of Xom.
  5699 | D:4      | Found a runed translucent door.
  5700 | D:4      | Noticed Crazy Yiuf
  5706 | D:4      | Killed Crazy Yiuf
  6176 | D:5      | Reached skill level 6 in Shields
  6246 | D:6      | Reached XP level 9. HP: 57/63 MP: 9/9
  7053 | D:6      | Found a shimmering blue altar of Sif Muna.
  7667 | Temple   | Became a worshipper of Cheibriados the Contemplative
  7827 | D:7      | Noticed kalagan's ghost (novice DECj)
  7976 | D:7      | Found a runed translucent gate.
  7976 | D:7      | Found a runed translucent gate.
  7976 | D:7      | Found a runed translucent gate.
  8059 | D:7      | Reached skill level 1 in Invocations
  8091 | D:7      | Identified a scroll of acquirement
  8091 | D:7      | Acquired a manual of Dodging
  8494 | D:7      | Found a blossoming altar of Fedhas.
  8506 | D:7      | Noticed an oklob plant
  8558 | D:7      | Found a white marble altar of Elyvilon.
  8558 | D:7      | Found a hide-covered altar of Uskayaw.
  8565 | D:7      | Found a sacrificial altar of Ru.
  8567 | D:7      | Found a faded altar of an unknown god.
  8569 | D:7      | Found a broken altar of Ashenzari.
  8755 | D:8      | Found a sacrificial altar of Ru.
  8963 | D:8      | Reached * piety under Cheibriados
  9031 | D:8      | Reached skill level 5 in Dodging
  9036 | D:8      | Reached XP level 10. HP: 40/71 MP: 10/12
  9758 | D:8      | Found a staircase to the Lair.
  9961 | D:8      | Found Miwug's Weapon Shop.
 10156 | Lair:1   | Entered Level 1 of the Lair of Beasts
 10368 | D:9      | Reached ** piety under Cheibriados
 10626 | D:9      | Noticed a four-headed hydra
 10673 | D:9      | Reached skill level 5 in Invocations
 10682 | D:9      | Found a staircase to the Orcish Mines.
 10779 | D:5      | Killed Kukuleta's ghost
 10907 | D:7      | Reached *** piety under Cheibriados
 10909 | D:7      | Killed kalagan's ghost
 11091 | D:9      | Noticed Joseph
 11106 | D:8      | Killed Joseph
 11294 | D:9      | Reached XP level 11. HP: 77/77 MP: 16/16
 11305 | D:9      | Reached skill level 10 in Dodging
 11562 | D:10     | Entered Level 10 of the Dungeon
 11587 | D:10     | Reached **** piety under Cheibriados
 11646 | D:10     | Found a flagged portal.
 11653 | Bailey   | Entered a bailey
 12154 | Bailey   | Reached ***** piety under Cheibriados
 12208 | Bailey   | Reached skill level 7 in Shields
 12359 | Bailey   | Noticed an orc knight
 12368 | Bailey   | Killed an orc knight
 12795 | D:10     | Noticed Erica
 12804 | D:10     | Killed Erica
 12805 | D:10     | Reached skill level 8 in Shields
 13281 | D:10     | Noticed a two-headed ogre
 13293 | D:10     | Killed a two-headed ogre
 13648 | D:11     | Noticed a cyclops
 13649 | D:11     | Noticed a red ugly thing
 13650 | D:11     | Noticed a cyclops
 13656 | D:11     | Killed a cyclops
 13660 | D:11     | Killed a cyclops
 13662 | D:11     | Killed a red ugly thing
 13663 | D:11     | Reached XP level 12. HP: 25/84 MP: 6/19
 13991 | D:11     | Reached skill level 9 in Shields
 13997 | D:11     | Found a transporter.
 14000 | D:11     | Found a transporter.
 14005 | D:11     | Noticed an orc high priest
 14007 | D:11     | Identified the +4 war axe "Jeulukhli" {freeze, *Rage rElec
                  | rF+}
 14007 | D:11     | Noticed an ogre mage
 14307 | D:11     | Reached ****** piety under Cheibriados
 14624 | D:12     | Found a frozen archway.
 15120 | D:12     | Reached skill level 10 in Invocations
 15127 | D:12     | Reached skill level 10 in Shields
 15684 | D:13     | Noticed a death knight
 15686 | D:13     | Found Cureihics's Distillery.
 16098 | D:9      | Noticed Erolcha
 16111 | D:9      | Killed Erolcha
 16269 | D:9      | Found a glowing silver altar of Zin.
 16363 | D:9      | Noticed Grum
 16379 | D:9      | Killed Grum
 16632 | D:9      | Noticed a centaur warrior
 16635 | D:9      | Killed a centaur warrior
 16637 | D:9      | Killed a four-headed hydra
 16681 | D:9      | Got a smoking morningstar
 16682 | D:9      | Identified the +1 morningstar of Regicide {vorpal, Int+3
                  | Stlth+} (You found it on level 9 of the Dungeon)
 16924 | Lair:1   | Noticed a four-headed hydra
 16932 | Lair:1   | Killed a four-headed hydra
 16933 | Lair:1   | Reached XP level 13. HP: 70/91 MP: 17/20
 17027 | Lair:1   | Noticed Urug
 17030 | Lair:1   | Killed Urug
 17233 | Lair:1   | Reached skill level 11 in Shields
 17262 | Lair:1   | Found a shimmering altar of Xom.
 17831 | Lair:2   | Found a staircase to the Snake Pit.
 18022 | Lair:2   | Reached skill level 10 in Fighting
 18307 | Lair:2   | Found a staircase to the Shoals.
 18501 | Lair:2   | Reached skill level 10 in Axes
 18905 | Lair:2   | Found a runed translucent gate.
 18905 | Lair:2   | Found a runed translucent gate.
 18905 | Lair:2   | Found a runed translucent gate.
 18907 | Lair:2   | Noticed a death ooze
 18909 | Lair:2   | Noticed H0rd4k's ghost (journeyman OpTm)
 19273 | Lair:2   | Found a viscous altar of Jiyva.
 19274 | Lair:2   | Found the ring of the Octopus King
 19350 | Lair:2   | Killed a death ooze
 19370 | Lair:2   | Killed H0rd4k's ghost
 19371 | Lair:2   | Reached skill level 12 in Shields
 19509 | Lair:2   | Got a ring of the Octopus King
 19520 | Lair:2   | Identified a ring of the Octopus King {rC+ AC+1 EV+1 Str+1
                  | Int+1 Dex+1} (You found it on level 2 of the Lair of
                  | Beasts)
 21111 | Lair:4   | Reached XP level 14. HP: 88/99 MP: 22/22
 21236 | Lair:4   | Found a runed translucent door.
 21258 | Lair:4   | Reached skill level 13 in Shields
 21341 | Lair:4   | Found a shimmering altar of Xom.
 21341 | Lair:4   | Noticed runemage's ghost (journeyman GnFi)
 21995 | Lair:5   | Found a frozen archway.
 22009 | IceCv    | Entered an ice cave
 23009 | IceCv    | Noticed a frost giant
 23390 | IceCv    | Killed a frost giant
 23406 | IceCv    | Found the +8 frozen axe "Frostbite" {freezing cloud, *Noise
                  | +Fly rC+}
 24051 | Lair:5   | You fall into a shaft and drop 1 floor!
 24051 | Lair:6   | Entered Level 6 of the Lair of Beasts
 24065 | Lair:6   | Reached skill level 14 in Shields
 24650 | Lair:6   | Reached XP level 15. HP: 108/108 MP: 24/24
 25466 | Lair:5   | Found a staircase to the Slime Pits.
 25474 | Lair:5   | Reached skill level 15 in Shields
 26385 | Lair:6   | Found the +6 Majin-Bo {vamp, MP+6 Int+6}
 26691 | Snake:1  | Entered Level 1 of the Snake Pit
 26776 | Snake:1  | Found Iptot's Armour Emporium.
 26776 | Snake:1  | Found Odasat's Antique Weapon Shoppe.
 26791 | Snake:1  | Bought a masterwork hand axe for 208 gold pieces
 26793 | Snake:1  | Identified the +11 hand axe of Impermanence {vorpal, rN+
                  | Str+4 Int+4 Dex+4} (You bought it in a shop on level 1 of
                  | the Snake Pit)
 26984 | Snake:1  | HP: 2/109 [naga warrior/+0 dire flail (31)]
 26984 | Snake:1  | Mangled by a naga warrior

Illustrated notes

Levels and vault maps discovered:
D:1:      psy_arrival_basics, layout_basic
D:2:      layout_basic, uniq_robin
D:3:      layout_basic
D:4:      layout_loops_corners, nicolae_gozag_seed_capital,
          nzn_hepliaklqana_mist_gate, amethyst_overflow_temple_binary,
          minmay_temple_entry_sparse_star, item_on_display_a, uniq_eustachio,
          uniq_crazy_yiuf_cottage, uniq_sigmund
D:5:      layout_loops_ring, nicolae_ossuary_entry_plus,
          gammafunk_ghost_stat_death, chequers_avenue
D:6:      kennysheep_kobold_camp, layout_basic, nicolae_overflow_crystal_walls,
          kennysheep_mini
D:7:      layout_gridville, chequers_temple_overflow_minitemple,
          gammafunk_ghost_icy, tgw_fedhas
D:8:      layout_loops_ring, dpeg_oklobed_lair, basic_altar, serial_shops,
          kennysheep_mini_moat
D:9:      minmay_cornered_nines, layout_basic, zin_scriptorium, orc_david_3,
          uniq_grum, uniq_joseph, uniq_erolcha
D:10:     layout_layer_cave, enter_bailey_4, serial_park_tiny_2, hex_large,
          uniq_erica
D:11:     gammafunk_beogh_shrine, layout_loops_ring
D:12:     layout_small_grid, portal_ice_cave_entry_imps
D:13:     layout_long_grid, david_vaults_1, serial_shops, shop
Temple:   jpeg_temple_clearing
Lair:1:   layout_roguey, kb_xom_exploding_sheep, uniq_urug
Lair:2:   layout_cave_pods, elwin_shoals_entry_stream,
          minmay_snake_entry_guardpost_small, gammafunk_ghost_ooze, st_stairs_3
Lair:3:   layout_chaotic_city
Lair:4:   layout_small_grid, ebering_ghost_xom, chequers_serial_rivers_small_a,
          minmay_holes, lemuel_fruit_fields
Lair:5:   layout_cave_pods, minmay_slime_entry_oklob_open, portal_ice_cave_rime
Lair:6:   minmay_lair_end_enchanted_forest, layout_regular_city, minivault_27,
          amcnicky_mini_pool_medium
Snake:1:  layout_onion_interference, lemuel_fruit_tree, grunt_megastairs_3,
          minmay_shoptagon

Skill      XL: |  1  2  3  4  5  6  7  8  9 10 11 12 13 14 15 |
---------------+----------------------------------------------+-----
Axes           | 3 4 6 7 8 9 10 11 12 | 12.4
Stealth        | 1 2 3 5 |  5.2
Fighting       | 4 5 6 7 8 9 10 11 12 | 12.5
Shields        | 4 5 6 8 10 12 14 15 | 15.3
Evocations     | 3 4 |  4.6
Invocations    | 2 7 9 10 11 13 | 13.6
Dodging        | 5 9 12 13 14 | 14.0

Action                   |  1- 3 |  4- 6 |  7- 9 | 10-12 | 13-15 || total
-------------------------+-------+-------+-------+-------+-------++-------
Melee: War axe           |    68 |    94 |   300 |   134 |       ||   596
       Constrict         |    11 |    25 |    77 |   114 |    62 ||   289
       Tentacles         |    10 |    18 |    69 |   209 |   201 ||   507
       Broad axe         |       |       |       |   369 |   351 ||   720
       Morningstar       |       |       |       |     8 |    24 ||    32
       Executioner's axe |       |       |       |       |   139 ||   139
Throw: Dart              |       |       |     2 |     8 |     8 ||    18
Invok: Bend Time         |       |       |       |     1 |     3 ||     4
       Step From Time    |       |       |       |     1 |     1 ||     2
       Slouch            |       |       |       |     1 |     1 ||     2
Evoke: Wand              |       |       |    10 |    10 |    12 ||    32
  Use: Scroll            |     8 |     2 |    13 |    14 |    18 ||    55
       Potion            |       |       |     4 |     5 |     3 ||    12
 Stab: Sleeping          |     7 |     5 |    20 |    18 |    23 ||    73
       Distracted        |       |       |     4 |     9 |     5 ||    18
       Paralysed         |       |       |     1 |     5 |       ||     6
Armor: Skin              |     2 |     3 |    53 |     3 |     3 ||    64
Dodge: Dodged            |    18 |    39 |    77 |   268 |   545 ||   947
Block: Kite shield       |    52 |    60 |   253 |   549 |   584 ||  1498
       Reflection        |     8 |       |    15 |    36 |     6 ||    65
       Other             |       |       |       |       |    45 ||    45
